 Dungeon Crawl Stone Soup version 0.30-a0-1016-gfb0d676c02 (webtiles) character file.

Game seed: 18413017905655181614

44 funkygono the Trooper (level 3, -3/33 HPs)
             Began as a Minotaur Fighter on Apr 6, 2023.
             Slain by Sigmund
             ... wielding a +3 scythe of flaming
              (5 damage)
             ... on level 2 of the Dungeon.
             The game lasted 00:01:33 (804 turns).

funkygono the Trooper (Minotaur Fighter)             Turns: 804, Time: 00:01:34

Health: -3/33      AC:  7    Str: 22    XL:     3   Next: 41%
Magic:  0/2        EV:  9    Int:  5    God:
Gold:   43         SH:  4    Dex:  9    Spells: 2/2 levels left

rFire   . . .      SeeInvis .    a - +0 war axe
rCold   . . .      Faith    .    c - +0 buckler
rNeg    . . .      Spirit   +    b - +0 scale mail
rPois   .          Reflect  .    (helmet restricted)
rElec   .          Rampage  .    (no cloak)
rCorr   .                        (no gloves)
Will    .....                    (no boots) Stlth
                                 j - amulet of guardian spirit
HPRegen 0.25/turn                (no ring)
MPRegen 0.08/turn                (no ring)

@: no status effects
A: horns 2, retaliatory headbutt
a: no special abilities


You were on level 2 of the Dungeon.
You visited 1 branch of the dungeon, and saw 2 of its levels.

You collected 43 gold pieces.

Inventory:

Hand Weapons
 a - a +0 war axe (weapon)
Armour
 b - a +0 scale mail (worn)
 c - a +0 buckler (worn)
Jewellery
 j - an amulet of guardian spirit (around neck)
Scrolls
 f - 3 scrolls of identify {unknown}
 g - 3 scrolls of enchant weapon {unknown}
 h - a scroll of poison {unknown}
 i - 2 scrolls of blinking {unknown}
Potions
 d - a potion of might
 e - 2 potions of curing {unknown}


   Skills:
 + Level 4.3 Fighting
 + Level 3.1 Axes
 + Level 4.0 Armour
 + Level 0.2 Dodging
 + Level 4.1 Shields


You had 2 spell levels left.
You didn't know any spells.
Your spell library contained the following spells:

 Spells                   Type           Power      Damage    Failure   Level
 Magic Dart               Conj           0%         1d3       87%         1
 Searing Ray              Conj           0%         2d4       95%         2
 Fulminant Prism          Conj/Hex       0%         3d5       100%        4


Dungeon Overview and Level Annotations

Branches:
Dungeon (2/15)

Altars:

Annotations:
D:2 Sigmund


Innate Abilities, Weirdness & Mutations

You have a pair of horns on your head.
You reflexively headbutt those who attack you in melee.


Message History

You kill the bat!
Things that are here:
a +0 dagger; a +0 sling You see here a +0 trident.
Found a war axe.
You see here a +0 war axe.
A kobold comes into view. It is wielding a +0 dagger.
The kobold shouts!
The kobold throws a stone.
The stone hits you but does no damage.
You see here a +0 war axe.
The kobold throws a stone.
You block the stone.
The kobold throws a stone.
The stone barely misses you.
You barely miss the kobold. Your headbutt misses the kobold.
You block the kobold's attack. The kobold hits you with a +0 dagger.
You hit the kobold.
You kill the kobold!
Things that are here:
a +0 dagger; 2 stones Sigmund the Dreaded comes into view.
He is wielding a +3 scythe of flaming and carrying a wand of digging (1).
Sigmund shouts!
Sigmund gestures at you while chanting. The magic dart hits you.
You hear a zap.
Some rock shatters into small pieces.
Sigmund drinks a potion.
Sigmund flickers and vanishes!
Deactivating autopickup; reactivate with Ctrl-A.
Something hits you! Something burns you.
You slash something!
You hear some strange, mumbled words.
Something tries to affect you, but you resist.
You barely miss something.
You hear some strange, mumbled words.
Something tries to affect you, but you resist.
You miss something. Something hits you! Something burns you.
You miss something. You headbutt something.
Something hits you but does no damage.
You closely miss something. Something hits you!
* * * LOW HITPOINT WARNING * * *
Something burns you.
You die...

#...#.#.#†##.#....# ###.#
..........#.#....# #..
##...#.#.##.#....# ###
#.........#.#.#### #
##^#...#.##.#.# #
#.........#.#.# #
###.#.#..>##...# #
........#####.############
#####...{@.......)....)...
######################


There were no monsters in sight!

Vanquished Creatures
  An adder (D:2)
  4 bats
  3 endoplasms
  3 giant cockroaches
  6 hobgoblins (D:1)
  3 kobolds
  A ball python (D:1)
  6 frilled lizards
  3 goblins
  2 rats (D:1)
32 creatures vanquished.

Notes
Turn   | Place    | Note
-------+----------+-------------------------------------------
     0 | D:1      | funkygono the Minotaur Fighter began the quest for the Orb.
     0 | D:1      | Reached XP level 1. HP: 19/19 MP: 0/0
   156 | D:1      | Reached XP level 2. HP: 27/27 MP: 1/1
   361 | D:1      | Found a faded altar of an unknown god.
   653 | D:2      | Reached XP level 3. HP: 29/33 MP: 2/2
   786 | D:2      | Noticed Sigmund
   804 | D:2      | Slain by Sigmund

Illustrated notes

Levels and vault maps discovered:
D:1:      minmay_arrival_shattered_statue, layout_basic, basic_ecumenical_altar
D:2:      layout_rooms, chequers_serial_rivers_micro_a, st_stairs_9,
          uniq_terence, uniq_sigmund

Skill      XL: |  1  2  3 |
---------------+----------+-----
Fighting       | 4 |  4.3
Shields        | 4 |  4.1
Armour         | 4 |  4.0
Axes           | 3 |  3.1
Dodging        | |  0.2

Action                     || total
---------------------------++-------
  Melee: War axe           ||    72
         Headbutt          ||     6
 Armour: Scale mail        ||    38
  Dodge: Dodged            ||    36
  Block: Buckler           ||    15

Table legend: (Time is in decaauts)
 A = Elapsed time spent in this place.
 B = Non-inter-level travel time spent in this place.
 C = Inter-level travel time spent in this place.
 D = Time resting spent in this place.
 E = Time spent auto-exploring this place.
 F = Levels seen in this place.
 G = Mean time per level.
                   A        B        C        D        E       F      G
               +--------+--------+--------+--------+--------+-----+--------+
         Total |    833 |    798 |     35 |      0 |    547 |   2 |  416.5 |
       Dungeon |    833 |    798 |     35 |      0 |    547 |   2 |  416.5 |
               +--------+--------+--------+--------+--------+-----+--------+

Top non-repeatable levels by time:
     D:1: 651 daAuts
     D:2: 181 daAuts
